 Dungeon Crawl Stone Soup version 0.20.0-10-g0535bb4 (webtiles) character file.

147 MDvedh the Slasher (level 5, 0/34 HPs)
             Began as a Halfling Skald on June 5, 2017.
             Succumbed to an adder's poison
             ... on level 3 of the Dungeon.
             The game lasted 00:03:50 (2589 turns).

MDvedh the Slasher (Halfling Skald)                 Turns: 2589, Time: 00:03:51

Health: 0/34       AC:  3    Str: 10 (12) XL:     5   Next: 54%
Magic:  3/7        EV: 19    Int: 10 (11) God:
Gold:   257        SH:  0    Dex: 19 (20) Spells: 4/7 levels left

rFire    + . .     SeeInvis .   a - +0 falchion
rCold    + . .     Gourm    .   (shield restricted)
rNeg     . . .     Faith    .   n - +0 leather armour
rPois    +         Spirit   .   (no helmet)
rElec    +         Reflect  .   (no cloak)
rCorr    +         Harm     .   (no gloves)
MR       .....                  (no boots)
Stlth    +++.......             (no amulet)
Regen    0.2/turn               l - ring of stealth
MPRegen  0.1/turn               (no ring)

@: agile, lethally poisoned (0 -> -5), resistant, infused, very slightly
contaminated, invisible
A: mutation resistance 1
a: no special abilities


You were on level 3 of the Dungeon.
You were not hungry.

You visited 1 branch of the dungeon, and saw 3 of its levels.

You collected 257 gold pieces.

Inventory:

Hand Weapons
 a - a +0 falchion (weapon)
 b - a +0 hunting sling
Armour
 n - a +0 leather armour (worn)
Jewellery
 l - a ring of stealth (left hand)
 p - a +4 ring of protection {unknown}
 s - an uncursed ring of resist corrosion {unknown}
Scrolls
 d - a scroll of remove curse {unknown}
 f - 2 scrolls of recharging {unknown}
 k - 2 scrolls of fear {unknown}
 m - 3 scrolls of identify {unknown}
 v - a scroll of amnesia {unknown}
Potions
 g - a potion of agility
 h - a potion of lignification {unknown}
 i - 2 potions of degeneration
 q - a potion of mutation {unknown}
 r - a potion of curing {unknown}
Books
 c - a book of Battle

   Spells                             Type                      Level
   a - Infusion                       Charms                       1
   b - Shroud of Golubria             Charms/Translocation         2
   c - Song of Slaying                Charms                       2
   d - Spectral Weapon                Hexes/Charms                 3
   e - Regeneration                   Charms/Necromancy            3
Comestibles
 j - 2 royal jellies
 t - a bread ration
 u - 5 chunks of flesh


   Skills:
 - Level 1.7 Fighting
 + Level 5.3 Long Blades
 - Level 1.1 Armour
 - Level 2.1 Dodging
 - Level 1.5 Spellcasting
 - Level 3.2 Charms


You had 4 spell levels left.
You knew the following spells:

 Your Spells              Type           Power        Failure   Level  Hunger
a - Infusion              Chrm           #...         12%         1    ##.....
b - Song of Slaying       Chrm           #.......     17%         2    ###....


Dungeon Overview and Level Annotations

Branches:
Dungeon (3/15)

Altars:
Qazlal


Innate Abilities, Weirdness & Mutations

You are small and have problems with some larger weapons.
You are somewhat resistant to further mutation.


Message History

The adder is heavily wounded.
You feel sick. The adder bites you.
* * * LOW HITPOINT WARNING * * *
You are more poisoned.
The adder poisons you!
It was a potion of agility.
You feel agile all of a sudden. The adder misses you.
You riposte.
You hit the adder.
You kill the adder!
It was a potion of degeneration.
There was something very wrong with that liquid.
You feel weakened.
You feel dopey.
You feel clumsy.
* * * LOW HITPOINT WARNING * * *
You feel sick.
It was a potion of invisibility.
You fade into invisibility!
You are very lightly contaminated with residual magic.
It was a potion of resistance.
You feel protected.
You die...

#.#......# ##.#
#...#.#### #.# ....#.#
#.# .#..... #.#
.......# #.# #####
.##.#..# #.# #...# #.#
#)# ##...#
######.###....#
.........@w....#
...#####.####..)......
#.# ##........ ...
..##..... #######
##.## ### .....
....... #.. ...$
....... ... ...
....... ... ...
.......


You could see a worm.

Vanquished Creatures
  An orc wizard (D:3)
  4 adders
  A gnoll (D:1)
  A worm (D:3)
  2 dart slugs
  A leopard gecko (D:2)
  3 orcs (D:3)
  6 giant cockroaches
  7 goblins
  6 hobgoblins
  6 jackals (D:1)
  6 kobolds
  4 quokkas (D:2)
  3 ball pythons
  7 bats
  5 frilled lizards
  3 rats
66 creatures vanquished.

Vanquished Creatures (others)
  A plant (D:2)
1 creature vanquished.

Grand Total: 67 creatures vanquished

Notes
Turn   | Place    | Note
-------+----------+-------------------------------------------
     0 | D:1      | MDvedh the Halfling Skald began the quest for the Orb.
     0 | D:1      | Reached XP level 1. HP: 14/14 MP: 3/3
   237 | D:1      | Reached XP level 2. HP: 11/19 MP: 0/4
   650 | D:1      | Reached skill level 3 in Long Blades
   689 | D:1      | Reached XP level 3. HP: 5/24 MP: 1/5
  1405 | D:2      | Reached skill level 4 in Long Blades
  1405 | D:2      | Reached XP level 4. HP: 27/29 MP: 6/6
  1424 | D:2      | Found a stormy altar of Qazlal.
  1517 | D:2      | Learned a level 2 spell: Song of Slaying
  2489 | D:3      | Reached XP level 5. HP: 32/34 MP: 7/7
  2493 | D:3      | Reached skill level 5 in Long Blades
  2587 | D:3      | HP: 1/34 [poisoned by an adder]
  2589 | D:3      | Succumbed to an adder's poison

Skill      XL: |  1  2  3  4  5 |
---------------+----------------+-----
Long Blades    | 3 4 5 |  5.3
Fighting       | |  1.7
Armour         | |  1.1
Dodging        | |  2.1
Spellcasting   | |  1.5
Charms         | |  3.2

Action                   |  1- 3 |  4- 6 || total
-------------------------+-------+-------++-------
Melee: Falchion          |    84 |    93 ||   177
 Cast: Infusion          |     3 |     2 ||     5
  Use: Potion            |       |     4 ||     4
 Stab: Sleeping          |     2 |     4 ||     6
  Eat: Bread ration      |     1 |       ||     1
       Chunk             |       |     1 ||     1
Armor: Leather armour    |    18 |    13 ||    31
Dodge: Dodged            |    81 |   113 ||   194
       Rpst.: Falchion   |    30 |    32 ||    62
